 Dungeon Crawl Stone Soup version 0.27.1 (webtiles) character file.

Game seed: 15347901716758550084

587 ZARRMARR the Chiller (level 6, -3/46 HPs)
             Began as a Demigod Ice Elementalist on Aug 29, 2021.
             Slain by Edmund (9 damage)
             ... on level 4 of the Dungeon.
             The game lasted 00:15:01 (4703 turns).

ZARRMARR the Chiller (Demigod Ice Elementalist)     Turns: 4703, Time: 00:15:01

Health: -3/46      AC:  3    Str:  9    XL:     6   Next: 92%
Magic:  21/25      EV: 13    Int: 25    God:
Gold:   186        SH:  0    Dex: 20    Spells: 13/14 levels left

rFire    . . .     SeeInvis .   l - +5 dagger (vamp)
rCold    . . .     Faith    .   (no shield)
rNeg     . . .     Spirit   .   a - +0 robe
rPois    .         Reflect  .   (no helmet)
rElec    .         Harm     .   (no cloak)
rCorr    .         Rampage  .   h - +0 pair of gloves {Stlth+}
Will     .....                  (no boots)
Stlth    +++.......             (no amulet)
HPRegen  0.15/turn              c - +6 ring of dexterity
MPRegen  0.19/turn              r - ring of magical power

@: no status effects
A: high mp 1, forlorn
a: no special abilities


You were on level 4 of the Dungeon.
You visited 1 branch of the dungeon, and saw 4 of its levels.

You collected 186 gold pieces.

Inventory:

Hand Weapons
 l - a +5 vampiric dagger (weapon)
Missiles
 j - 4 boomerangs (quivered)
Armour
 a - a +0 robe (worn)
 h - a +0 pair of gloves of stealth (worn)
Jewellery
 c - a +6 ring of dexterity (left hand)
 i - a ring of protection from cold
 r - a ring of magical power (right hand)
 u - a ring of flight
Wands
 q - a wand of flame (25)
Scrolls
 b - a scroll of immolation
 e - 2 scrolls of amnesia
 m - a scroll of fog
 o - a scroll of fear {unknown}
 s - a scroll of teleportation {unknown}
 t - a scroll of enchant armour {unknown}
Potions
 d - a potion of degeneration {unknown}
 g - a potion of curing {unknown}
 k - a potion of flight {unknown}
 n - a potion of lignification {unknown}
 p - a potion of mutation {unknown}


   Skills:
 + Level 0.9 Fighting
 + Level 2.4 Dodging
 - Level 1.7 Stealth
 + Level 4.7 Spellcasting
 + Level 5.8 Ice Magic


You had 13 spell levels left.
You knew the following spells:

 Your Spells              Type           Power      Damage    Failure   Level
a - Freeze                Ice            100%       1d11      1%          1

Your spell library contained the following spells:

 Spells                   Type           Power      Damage    Failure   Level
 Frozen Ramparts          Ice            70%        1d9       2%          3
 Ozocubu's Armour         Ice            35%        N/A       2%          3
 Portal Projectile        Hex/Tloc       10%        N/A       26%         3
 Hailstorm                Conj/Ice       20%        3d6       26%         4
 Blade Hands              Tmut           2%         N/A       93%         5
 Excruciating Wounds      Necr           2%         N/A       93%         5


Dungeon Overview and Level Annotations

Branches:
Dungeon (4/15)
 Temple: D:4-7

Shops:
D:1 !

Annotations:
D:4 2 transporters, Edmund; hawla's ghost, amateur DENe


Innate Abilities, Weirdness & Mutations

Your attributes grow dramatically as you level up.
You have an increased reservoir of magic. (+10% MP)
You shall have no god before yourself.


Message History

Edmund is lightly wounded.
Edmund hits you with a +7 vorpal flail!
Unknown command.
Casting: Freeze (safe; 1% risk of failure)
Confirm with . or Enter, or press ? or * to list all spells.
Aiming: Freeze (safe; 1% risk of failure)
Press: ? - help, Shift-Dir - straight line, f/p - Edmund
Aim: Edmund, wielding a +7 vorpal flail and wearing a +0 chain mail (lightly wounded)
You freeze Edmund.
Edmund is lightly wounded.
Edmund hits you with a +7 vorpal flail.
Casting: Freeze (safe; 1% risk of failure)
Confirm with . or Enter, or press ? or * to list all spells.
Aiming: Freeze (safe; 1% risk of failure)
Press: ? - help, Shift-Dir - straight line, f/p - Edmund
Aim: Edmund, wielding a +7 vorpal flail and wearing a +0 chain mail (lightly wounded)
You freeze Edmund.
Edmund is lightly wounded.
Edmund barely misses you.
Casting: Freeze (safe; 1% risk of failure)
Confirm with . or Enter, or press ? or * to list all spells.
Aiming: Freeze (safe; 1% risk of failure)
Press: ? - help, Shift-Dir - straight line, f/p - Edmund
Aim: Edmund, wielding a +7 vorpal flail and wearing a +0 chain mail (lightly wounded)
You freeze Edmund.
Edmund is moderately wounded.
Edmund hits you with a +7 vorpal flail!
Casting: Freeze (safe; 1% risk of failure)
Confirm with . or Enter, or press ? or * to list all spells.
Aiming: Freeze (safe; 1% risk of failure)
Press: ? - help, Shift-Dir - straight line, f/p - Edmund
Aim: Edmund, wielding a +7 vorpal flail and wearing a +0 chain mail (moderately wounded)
You freeze Edmund.
Edmund is moderately wounded.
Edmund hits you with a +7 vorpal flail!
* * * LOW HITPOINT WARNING * * *
x2 You closely miss Edmund.
Edmund is moderately wounded.
Edmund hits you with a +7 vorpal flail!
You die...

.##..........#..[#..#....#.###.##
....#####....#..##..#..#.#.# #.#
..........##.#......#..#.#.# #.#
.................#..#.##.#.# #.#
.##.#............#..#.. #.#
.......>.....#...#≈≈# #.#
.............#...#### #.#
......#..###.#...# #.#
......#......#..@# ##.#
......#......#...@..# ### #..#
.##+#.#......#[#....#.###.###..##
.##.#.#......########............
.##.#.#...............###.###.###
................####.............
.##.#.#..#####..# #.####.###.###
.##.#.#..# #..# #.# #.# #.#
.##.#.#..#####..####.####.# #.#


You could see Edmund.

Vanquished Creatures
  Sigmund (D:4)
  2 scorpions
  An orc priest (D:4)
  3 hounds
  A jelly (D:4)
  An orc wizard (D:4)
  A scorpion zombie (D:3)
  An adder (D:2)
  A worm (D:2)
  3 dart slugs
  9 orcs
  7 ball pythons
  4 bats
  6 endoplasms
  3 giant cockroaches
  9 goblins
  9 hobgoblins
  2 jackals (D:4)
  8 kobolds
  3 quokkas
  3 frilled lizards
  5 rats
83 creatures vanquished.

Notes
Turn   | Place    | Note
-------+----------+-------------------------------------------
     0 | D:1      | ZARRMARR the Demigod Ice Elementalist began the quest for
                  | the Orb.
     0 | D:1      | Reached XP level 1. HP: 14/14 MP: 5/5
   344 | D:1      | Reached skill level 4 in Ice Magic
   344 | D:1      | Reached XP level 2. HP: 20/20 MP: 4/7
   412 | D:1      | Found Hanag Cee's Distillery.
  1288 | D:2      | Reached XP level 3. HP: 10/26 MP: 5/9
  2438 | D:3      | Noticed a scorpion
  2444 | D:3      | Killed a scorpion
  2445 | D:3      | Reached XP level 4. HP: 25/33 MP: 7/11
  2762 | D:3      | Reached XP level 5. HP: 25/38 MP: 12/12
  3116 | D:3      | Reached skill level 5 in Ice Magic
  3778 | D:4      | Reached XP level 6. HP: 39/46 MP: 15/15
  3868 | D:4      | Found a transporter.
  4197 | D:4      | Noticed hawla's ghost (amateur DENe)
  4300 | D:4      | Found a transporter.
  4465 | D:4      | Noticed Sigmund
  4475 | D:4      | Killed Sigmund
  4696 | D:4      | Noticed Edmund
  4703 | D:4      | Slain by Edmund

Illustrated notes

Levels and vault maps discovered:
D:1:      nicolae_arrival_washed_ashore, layout_loops_cross, serial_shops, shop
D:2:      layout_loops_ring, ebering_ecumenical_altar_webs
D:3:      layout_loops_ring, grunt_ministairs_1, minmay_statues_item
D:4:      layout_basic, gammafunk_ghost_stat_death, sigmund_edmund_badplayer

Skill      XL: |  1  2  3  4  5 |
---------------+----------------+-----
Ice Magic      | 4 5 |  5.8
Spellcasting   | 2 3 4 |  4.7
Dodging        | 2 |  2.4
Fighting       | |  0.9
Stealth        | |  1.7

Action                   |  1- 3 |  4- 6 || total
-------------------------+-------+-------++-------
Melee: Unarmed           |     5 |       ||     5
       Dagger            |     1 |    27 ||    28
Throw: Boomerang         |     9 |    68 ||    77
 Cast: Freeze            |    61 |    53 ||   114
  Use: Scroll            |     4 |     3 ||     7
 Stab: Sleeping          |     1 |       ||     1
Armor: Robe              |    11 |     9 ||    20
Dodge: Dodged            |    18 |    40 ||    58
